[Event "ICC tourney 2130 (75 10)"]
[Site "Internet Chess Club"]
[Date "2020.11.14"]
[Round "3"]
[White "michaelbarresi"]
[Black "ashshy"]
[Result "1-0"]
[ICCResult "Black resigns"]
[WhiteElo "304"]
[BlackElo "1004"]
[Opening "Four knights: Italian variation"]
[ECO "C47"]
[NIC "AL.10"]
[Time "17:01:47"]
[TimeControl "4500+10"]

1. e4 Nf6 2. Nc3 e5 3. Nf3 Nc6 4. Bc4 Nxe4 5. Nxe4 d5 6. Bd3 dxe4 7. Bxe4 f5
8. Bxc6+ bxc6 9. Nxe5 Qd5 10. Nf3 Be6 11. O-O h6 12. Re1 O-O-O 13. Qe2 Bd7
14. Qa6+ Kb8 15. d3 Bc5 16. Be3 Bb6 17. Rad1 g5 18. c4 Qf7 19. Ne5 Qg7 20.
Nxd7+ Rxd7 21. c5 f4 22. cxb6 cxb6 23. Bc1 Qd4 24. Qc4 Qd6 25. Re6 Qd5 26.
Qxd5 Rxd5 27. Rxc6 Kb7 28. Rc3 Rhd8 29. h3 b5 30. b4 Rd4 31. a3 Kb6 32. Bb2
R4d6 33. Rb3 a5 34. Bg7 R8d7 35. Be5 Rc6 36. Rc3 Re6 37. Re1 Rc6 38. Rxc6+
Kxc6 39. Rd1 a4 40. d4 Kd5 41. Rc1 Ke4 42. Rc5 Rb7 43. Bf6 Rb6 44. Bg7 Rg6
45. Be5 Rb6 46. Bc7 Rb7 47. d5 Kf5 48. d6+ Ke6 49. Rc6 Kd7 50. Rb6 Rxb6 51.
Bxb6 Kxd6 52. Bc5+ Kd5 53. Bf8 h5 54. Bh6 g4 55. hxg4 hxg4 56. Bxf4 Kc4 57.
Bc1 Kb3 58. Kf1 Kc2 59. Bf4 Kb3 60. Bc1 Kc2 61. f4 gxf3 62. gxf3 Kxc1 63. f4
Kb2 64. f5 Kxa3 65. f6 Kxb4 66. f7 a3 67. f8=Q+ Kb3 68. Qf3+ Ka4 69. Qd1+
Ka5 70. Qb3 b4 71. Ke2 Kb5 72. Kd3 Kc5 73. Qc4+ Kd6 74. Qxb4+ Kc6 75. Qxa3
{Black resigns}
1-0

[Event "ICC tourney 2130 (75 10)"]
[Site "Internet Chess Club"]
[Date "2020.11.14"]
[Round "3"]
[White "Ldon22"]
[Black "johnzabraham"]
[Result "0-1"]
[ICCResult "White checkmated"]
[WhiteElo "751"]
[BlackElo "1066"]
[Opening "French: advance variation"]
[ECO "C02"]
[NIC "FR.03"]
[Time "17:02:18"]
[TimeControl "4500+10"]

1. e4 e6 2. d4 d5 3. e5 c5 4. Bb5+ Bd7 5. Bxd7+ Nxd7 6. Nf3 Ne7 7. Bg5 Qc7
8. c3 h6 9. Bh4 Nf5 10. Nbd2 Nxh4 11. Nxh4 Be7 12. Nhf3 O-O 13. O-O Rfe8 14.
Re1 Nf8 15. Nb3 b6 16. Nc1 Ng6 17. g3 Rac8 18. a3 Red8 19. Ne2 Qc6 20. Rb1
Bf8 21. Qd3 Ne7 22. Nh4 Qb7 23. f4 Nc6 24. f5 exf5 25. Nxf5 Ne7 26. Nd6 Qd7
27. Nxc8 Nxc8 28. Rf1 Ne7 29. Rf2 c4 30. Qf3 Ng6 31. Rbf1 Nh8 32. Nf4 Qf5
33. Ng2 Qe6 34. g4 Be7 35. Qf5 Qc6 36. Re1 Rf8 37. h4 a5 38. g5 Ng6 39. h5
Nh8 40. gxh6 Qf6 41. Qxf6 gxf6 42. exf6 Bd6 43. Rf5 Rd8 44. Ne3 Kh7 45. Ng4
Rg8 46. Rxd5 Rxg4+ 47. Kh1 Bf8 48. Re8 Bxh6 49. Rb5 Rg5 50. Rxb6 Rxh5+ 51.
Kg2 Rg5+ 52. Kh3 Ng6 53. Rb7 Nf4+ 54. Kh4 Rg2 55. Rxf7+ Kg6 56. Rg7+ Bxg7
57. fxg7 Kxg7 58. Rb8 Nd3 59. d5 Rxb2 60. Rc8 Ne5 61. Kg5 Nf7+ 62. Kf5 Nd6+
63. Ke6 Nxc8 64. Kd7 Nb6+ 65. Kc6 Kf7 66. d6 Na4 67. d7 Ke7 68. Kc7 Rd2 69.
Kc6 Nxc3 70. Kc5 Kxd7 71. Kxc4 Nb1 72. Kb5 Rd5+ 73. Ka4 Nc3+ 74. Kb3 Ne4 75.
Kc4 Kc6 76. Kb3 Kb5 77. a4+ Kc5 78. Ka3 Kc4 79. Kb2 Kb4 80. Ka2 Rd2+ 81. Kb1
Kb3 82. Kc1 Rd3 83. Kb1 Rd1# {White checkmated} 0-1

[Event "ICC tourney 2130 (75 10)"]
[Site "Internet Chess Club"]
[Date "2020.11.14"]
[Round "3"]
[White "jacktconnelly"]
[Black "abeamingpawn"]
[Result "0-1"]
[ICCResult "White resigns"]
[WhiteElo "982"]
[BlackElo "1135"]
[Opening "Scandinavian (center counter) defense"]
[ECO "B01"]
[NIC "VO.17"]
[Time "17:01:34"]
[TimeControl "4500+10"]

1. e4 d5 2. exd5 Qxd5 3. Nf3 Bg4 4. Be2 Nc6 5. Nc3 Qd7 6. h3 Bxf3 7. Bxf3
O-O-O 8. O-O Nf6 9. d3 h6 10. Be3 Kb8 11. a3 g5 12. b4 Rg8 13. Re1 h5 14. g4
hxg4 15. Bxg4 Nxg4 16. Qxg4 f5 17. Qg2 g4 18. Kf1 e5 19. b5 Nd4 20. Bxd4
Qxd4 21. Ne2 Qc5 22. hxg4 Rxg4 23. Qf3 Bh6 24. Qxf5 Rf8 25. d4 Rxf5 26. dxc5
Be3 27. f4 exf4 28. Nd4 Rg1+ 29. Ke2 Rxe1+ 30. Rxe1 Bxd4 31. Kd3 Be5 32. Ke4
Rf7 33. Kd5 Rd7+ 34. Kc4 Rd4+ 35. Kb3 Bf6 36. c3 Rd3 37. Kc4 Rxc3+ 38. Kd5
Re3 39. Rf1 f3 40. Rg1 a6 41. b6 Kc8 42. Rg8+ Kd7 43. c6+ bxc6+ 44. Kc5 Rc3+
45. Kb4 c5+ 46. Ka4 cxb6 47. Rf8 {White resigns} 0-1

[Event "ICC tourney 2130 (75 10)"]
[Site "Internet Chess Club"]
[Date "2020.11.14"]
[Round "3"]
[White "MissCalculation"]
[Black "TemporaryOtter"]
[Result "1-0"]
[ICCResult "Black checkmated"]
[WhiteElo "1084"]
[BlackElo "801"]
[Opening "Queen's pawn game, Darooha variation "]
[ECO "D02"]
[NIC "QP.08"]
[Time "17:01:50"]
[TimeControl "4500+10"]

1. d4 d5 2. Nf3 Nf6 3. g3 g6 4. Bg2 Bg7 5. O-O Nc6 6. h3 O-O 7. Nbd2 Re8 8.
c4 Be6 9. b3 Qd7 10. Ng5 Nxd4 11. Nxe6 Nxe6 12. Bb2 c6 13. Nf3 Rad8 14. cxd5
cxd5 15. Rc1 Rc8 16. Ne5 Rxc1 17. Qxc1 Qd6 18. Rd1 d4 19. Nc4 Qd7 20. e4 Rd8
21. e5 Ne8 22. a4 d3 23. Qe3 a6 24. Be4 Nd4 25. Rxd3 b5 26. Rxd4 Qc7 27.
Rxd8 Qxd8 28. Nd2 bxa4 29. bxa4 Qa5 30. Bc6 Nc7 31. Bc3 Nd5 32. Bxa5 Nxe3
33. fxe3 Bxe5 34. Kg2 f5 35. Bb7 Kf7 36. Bxa6 Ke6 37. Bc4+ Kd7 38. Bb5+ Kc8
39. Bc6 Kb8 40. Bb6 Bc7 41. a5 Bxb6 42. axb6 e5 43. Kf3 g5 44. Nc4 h5 45.
Nxe5 Kc8 46. b7+ Kc7 47. Nd7 Kxc6 48. b8=Q Kxd7 49. Qb5+ Kd6 50. Qxf5 g4+
51. hxg4 hxg4+ 52. Qxg4 Ke5 53. Qf4+ Kd5 54. Qa4 Ke5 55. g4 Kf6 56. Ke4 Kg5
57. Kd4 Kxg4 58. Kd3+ Kf5 59. e4+ Ke5 60. Kc3 Ke6 61. Kd4 Kd6 62. Qa6+ Ke7
63. Kd5 Kf7 64. Ke5 Kg7 65. Kf5 Kh7 66. Kg5 Kg7 67. Qa7+ Kf8 68. Kg6 Ke8 69.
Kf6 Kd8 70. Ke6 Kc8 71. Kd6 Kd8 72. Qa8# {Black checkmated} 1-0

[Event "ICC tourney 2130 (75 10)"]
[Site "Internet Chess Club"]
[Date "2020.11.15"]
[Round "4"]
[White "Ashish0406"]
[Black "collywog"]
[Result "0-1"]
[ICCResult "White checkmated"]
[WhiteElo "862"]
[BlackElo "1078"]
[Opening "Queen's Pawn"]
[ECO "A41"]
[NIC "QO.17"]
[Time "10:01:43"]
[TimeControl "4500+10"]

1. d4 d6 2. Bf4 f6 3. Nf3 Nd7 4. c4 Nh6 5. e3 Nf7 6. Bd3 h5 7. Nc3 g5 8.
Bxg5 fxg5 9. Bg6 g4 10. Ng5 e5 11. Nxf7 Qf6 12. Nxh8+ Ke7 13. Qd3 Qxh8 14.
Qf5 Qf6 15. Qxf6+ Nxf6 16. dxe5 dxe5 17. O-O-O b6 18. Nd5+ Nxd5 19. Rxd5 Bb7
20. Rd2 Bxg2 21. Rg1 Bf3 22. Bxh5 Kf6 23. Bxg4 Bb7 24. Bh3 Ba6 25. Bf1 Bd6
26. b3 e4 27. h3 Rh8 28. Bg2 Bc8 29. Bxe4 Rxh3 30. Rh1 Ba3+ 31. Kc2 Rxh1 32.
Bxh1 Bf5+ 33. Kc3 a5 34. Rd7 Bxd7 35. Kd3 Bf5+ 36. Kd4 Bb1 37. Kd5 Bxa2 38.
Kc6 Bd6 39. e4 Bxb3 40. f3 Bxc4 41. Bg2 a4 42. f4 Bxf4 43. e5+ Bxe5 44. Kd7
a3 45. Bf3 a2 46. Be2 Bxe2 47. Kc6 Bf3+ 48. Kd7 a1=Q 49. Kd8 Qa8+ 50. Kd7
Bc6# {White checkmated} 0-1

[Event "ICC tourney 2130 (75 10)"]
[Site "Internet Chess Club"]
[Date "2020.11.15"]
[Round "4"]
[White "drewmartin"]
[Black "oxdidi"]
[Result "0-1"]
[ICCResult "White checkmated"]
[WhiteElo "105"]
[BlackElo "1064"]
[Opening "Ruy Lopez: exchange variation"]
[ECO "C68"]
[NIC "RL.08"]
[Time "10:03:00"]
[TimeControl "4500+10"]

1. e4 e5 2. Nf3 Nc6 3. Bb5 a6 4. Bxc6 dxc6 5. Nxe5 Qd4 6. Nf3 Qxe4+ 7. Qe2
Qxe2+ 8. Kxe2 Nf6 9. Nc3 Bb4 10. a3 Bc5 11. d4 Bd6 12. h3 Be6 13. b3 O-O-O
14. Ng5 Rhe8 15. Be3 Bf5 16. Nxf7 Rd7 17. Nxd6+ cxd6 18. Rac1 d5 19. Na4
Rde7 20. Kd2 Be4 21. f3 Bxc2 22. Kxc2 Rxe3 23. Rhg1 Re2+ 24. Kd3 R8e3#
{White checkmated}
0-1

[Event "ICC tourney 2130 (75 10)"]
[Site "Internet Chess Club"]
[Date "2020.11.15"]
[Round "4"]
[White "ashshy"]
[Black "Ldon22"]
[Result "0-1"]
[ICCResult "White checkmated"]
[WhiteElo "1069"]
[BlackElo "900"]
[Opening "Sicilian: Nimzovich-Rossolimo attack (with ...g6, without ...d6)"]
[ECO "B31"]
[NIC "SI.31"]
[Time "10:01:42"]
[TimeControl "4500+10"]

1. e4 c5 2. Nf3 Nc6 3. Bb5 g6 4. Bxc6 bxc6 5. e5 Ba6 6. d3 Bg7 7. c4 d5 8.
b3 d4 9. Bf4 Qd7 10. O-O Qf5 11. Bg3 Qh5 12. Re1 Bc8 13. h3 Nh6 14. Nbd2 Bf5
15. Ne4 Bxe4 16. Rxe4 Nf5 17. Bh2 Nh6 18. e6 f6 19. Qd2 O-O 20. Bf4 g5 21.
Bh2 f5 22. Re2 g4 23. Ng5 Bf6 24. Bf4 Kh8 25. Rae1 Rae8 26. Qa5 Rg8 27. h4
Qxh4 28. Nf7+ Kg7 29. g3 Qh5 30. Ne5 Bxe5 31. Bxe5+ Kf8 32. Qxc5 Rg5 33.
Qxd4 Qh3 34. f4 Rh5 35. Bg7+ Kg8 36. Bh8 Qh1+ 37. Kf2 Qf3+ 38. Kg1 Rh1#
{White checkmated}
0-1

[Event "ICC tourney 2130 (75 10)"]
[Site "Internet Chess Club"]
[Date "2020.11.15"]
[Round "4"]
[White "tcquinlan"]
[Black "wanderingeigeas"]
[Result "0-1"]
[ICCResult "White resigns"]
[WhiteElo "1018"]
[BlackElo "1185"]
[Opening "French: advance variation"]
[ECO "C02"]
[NIC "FR.03"]
[Time "10:02:02"]
[TimeControl "4500+10"]

1. e4 e6 2. d4 d5 3. e5 c5 4. Bb5+ Bd7 5. Bxd7+ Qxd7 6. Nf3 Nc6 7. O-O cxd4
8. Nxd4 Nxe5 9. Bf4 Ng6 10. Be3 Nf6 11. Nc3 a6 12. a3 Bd6 13. b4 Rc8 14.
Nce2 Ng4 15. Ng3 Nxe3 16. fxe3 Rc3 17. Qd2 Qc7 18. Nge2 Bxh2+ 19. Kh1 Rc4
20. Rac1 Be5 21. Nf3 Rg4 22. Nfd4 h5 23. b5 h4 24. b6 Qd6 25. Nf3 h3 26.
Nxe5 Qxe5 27. Nf4 hxg2+ 28. Kg1 gxf1=Q+ 29. Kxf1 Rh1+ 30. Kf2 Rh2+
{White resigns}
0-1

[Event "ICC tourney 2130 (75 10)"]
[Site "Internet Chess Club"]
[Date "2020.11.15"]
[Round "4"]
[White "dsullivan3"]
[Black "TemporaryOtter"]
[Result "1-0"]
[ICCResult "Black checkmated"]
[WhiteElo "991"]
[BlackElo "798"]
[Opening "Ruy Lopez: Berlin defense"]
[ECO "C65"]
[NIC "RL.07"]
[Time "10:01:54"]
[TimeControl "4500+10"]

1. e4 e5 2. Nf3 Nc6 3. Bb5 Nf6 4. Bxc6 dxc6 5. Nxe5 Qe7 6. d4 Nxe4 7. O-O
Bf5 8. Re1 O-O-O 9. Be3 Qe8 10. Nc3 Bd6 11. Qf3 g6 12. Nxe4 Bxe5 13. dxe5
Bxe4 14. Qxe4 b6 15. a4 f5 16. Qf4 Rd7 17. a5 c5 18. axb6 cxb6 19. Bc1 Rd4
20. Qf3 Rd7 21. Qa8+ Kc7 22. Rxa7# {Black checkmated} 1-0

[Event "ICC tourney 2130 (75 10)"]
[Site "Internet Chess Club"]
[Date "2020.11.15"]
[Round "4"]
[White "abeamingpawn"]
[Black "tundrarules"]
[Result "1/2-1/2"]
[ICCResult "Game drawn by mutual agreement"]
[WhiteElo "1120"]
[BlackElo "1102"]
[Opening "Giuoco Pianissimo: Italian four knights variation"]
[ECO "C55"]
[NIC "IG.01"]
[Time "10:01:56"]
[TimeControl "4500+10"]

1. e4 e5 2. Nf3 Nc6 3. Bc4 Nf6 4. d3 Bc5 5. Nc3 d6 6. Be3 Bb6 7. O-O Be6 8.
Bxe6 fxe6 9. Qe2 O-O 10. Rad1 Re8 11. d4 exd4 12. Nxd4 Nxd4 13. Bxd4 Bxd4
14. Rxd4 c5 15. Rd2 Qb6 16. b3 Rad8 17. Rfd1 d5 18. exd5 exd5 19. Qb5 Qxb5
20. Nxb5 a6 21. Nc3 d4 22. h3 b5 23. a3 Ne4 24. Nxe4 Rxe4 25. c3 a5 26. cxd4
Rdxd4 27. Rxd4 cxd4 28. Kf1 Kf7 29. Rd3 Ke6 30. f3 Re5 31. Rxd4 Re3 32. a4
Rxb3 33. axb5 Rxb5 34. Rg4 Kf6 35. Rf4+ Rf5 36. Ra4 Re5 37. f4 Rd5 38. Ke2
Ke6 39. Ke3 Rb5 40. Kd3 Kd5 41. g4 Kc6 42. f5 Kb6
{Game drawn by mutual agreement}
1/2-1/2

[Event "ICC tourney 2130 (75 10)"]
[Site "Internet Chess Club"]
[Date "2020.11.15"]
[Round "4"]
[White "sakethk"]
[Black "michaelbarresi"]
[Result "0-1"]
[ICCResult "White checkmated"]
[WhiteElo "1110"]
[BlackElo "249"]
[Opening "Sicilian"]
[ECO "B54"]
[NIC "SI.01"]
[Time "10:01:42"]
[TimeControl "4500+10"]

1. e4 c5 2. Nf3 d6 3. d4 cxd4 4. Nxd4 Nc6 5. Bb5 Bd7 6. Nc3 g6 7. O-O Bg7 8.
Be3 a6 9. Be2 Nf6 10. f4 e5 11. Nf3 O-O 12. Qxd6 Ne8 13. Qd2 Nc7 14. fxe5
Nxe5 15. Nxe5 Bxe5 16. Bc4 Qe7 17. Rf2 Rad8 18. Qe1 Be6 19. Bxe6 Qxe6 20. a3
Qd6 21. g3 Ne6 22. Rd2 Nd4 23. Qf2 f5 24. Qg2 fxe4 25. Nxe4 Qe7 26. Rf1 Qe6
27. Rxf8+ Rxf8 28. Bxd4 Bxd4+ 29. Rxd4 Qa2 30. Nc3 Qxb2 31. Qd5+ Kh8 32. Qb3
Qc1+ 33. Rd1 Qe3+ 34. Kg2 Rf2+ 35. Kg1 Rxc2+ 36. Kh1 Qf3+ 37. Kg1 Qg2#
{White checkmated}
0-1

[Event "ICC tourney 2130 (75 10)"]
[Site "Internet Chess Club"]
[Date "2020.11.15"]
[Round "4"]
[White "johnzabraham"]
[Black "jacktconnelly"]
[Result "0-1"]
[ICCResult "White checkmated"]
[WhiteElo "1061"]
[BlackElo "1103"]
[Opening "QGD: exchange, positional line"]
[ECO "D35"]
[NIC "QO.16"]
[Time "10:01:58"]
[TimeControl "4500+10"]

1. d4 d5 2. c4 e6 3. Nc3 Nf6 4. cxd5 exd5 5. Bg5 Be7 6. e3 Bf5 7. Nf3 h6 8.
Bh4 O-O 9. Be2 c6 10. O-O Nbd7 11. Rc1 Rc8 12. Re1 Ne4 13. Nxe4 dxe4 14.
Bxe7 Qxe7 15. Nd2 Rfd8 16. Nf1 c5 17. Ng3 Bh7 18. Bg4 Rc7 19. Qd2 Ne5 20.
Be2 c4 21. Qc3 Nd3 22. Bxd3 exd3 23. Nf1 b5 24. a3 Rdc8 25. Nd2 Qd6 26. e4
Qb6 27. d5 a5 28. Qe5 f6 29. Qg3 Qd4 30. b4 axb4 31. axb4 Qb2 32. d6 Rd7 33.
Qg4 Rcd8 34. Qe6+ Kh8 35. e5 Bg8 36. Qf5 fxe5 37. Nf1 d2 38. Rb1 dxe1=Q 39.
Rxb2 c3 40. Rb1 Qe2 41. Ng3 Rxd6 42. h3 Qd3 43. Qxd3 Rxd3 44. Kh2 Rd1 45.
Rxd1 Rxd1 46. Ne4 c2 47. Nc3 c1=Q 48. Nxd1 Qxd1 49. Kg3 Bd5 50. Kh2 Qd4 51.
f3 Qxb4 52. Kg3 Qf4+ 53. Kf2 b4 54. Kg1 b3 55. Kf2 b2 56. Ke2 b1=Q 57. Kf2
Qc2+ 58. Kg1 Qg3 59. Kf1 Qcf2# {White checkmated} 0-1

[Event "ICC tourney 2130 (75 10)"]
[Site "Internet Chess Club"]
[Date "2020.11.15"]
[Round "5"]
[White "oxdidi"]
[Black "tcquinlan"]
[Result "0-1"]
[ICCResult "White checkmated"]
[WhiteElo "1059"]
[BlackElo "1113"]
[Opening "Giuoco Piano"]
[ECO "C54"]
[NIC "IG.02"]
[Time "13:35:18"]
[TimeControl "4500+10"]

1. e4 e5 2. Nf3 Nc6 3. Bc4 Bc5 4. c3 Nf6 5. d3 O-O 6. Nbd2 d5 7. exd5 Nxd5
8. h3 Bf5 9. Nf1 Re8 10. Ng3 Bg6 11. O-O Na5 12. Bxd5 Qxd5 13. b4 Bxd3 14.
bxc5 e4 15. Nh2 Qxc5 16. Re1 Qxc3 17. Bd2 Qd4 18. Bxa5 e3 19. fxe3 Rxe3 20.
Bc3 Rxe1# {White checkmated} 0-1

[Event "ICC tourney 2130 (75 10)"]
[Site "Internet Chess Club"]
[Date "2020.11.15"]
[Round "5"]
[White "Ldon22"]
[Black "dsullivan3"]
[Result "1-0"]
[ICCResult "Black checkmated"]
[WhiteElo "848"]
[BlackElo "907"]
[Opening "Ruy Lopez: exchange, Keres variation"]
[ECO "C68"]
[NIC "RL.08"]
[Time "13:38:05"]
[TimeControl "4500+10"]

1. e4 e5 2. Nf3 Nc6 3. Bb5 a6 4. Bxc6 dxc6 5. Nc3 Bd6 6. d3 Nf6 7. Bg5 O-O
8. h3 h6 9. Bh4 Re8 10. O-O Qd7 11. Bxf6 gxf6 12. Qd2 Kh7 13. Ne2 Rg8 14.
Ng3 h5 15. Nf5 Rg6 16. N3h4 Rg8 17. Qh6# {Black checkmated} 1-0

[Event "ICC tourney 2130 (75 10)"]
[Site "Internet Chess Club"]
[Date "2020.11.15"]
[Round "5"]
[White "traycon"]
[Black "johnzabraham"]
[Result "0-1"]
[ICCResult "White resigns"]
[WhiteElo "844"]
[BlackElo "1072"]
[Opening "English opening"]
[ECO "A21"]
[NIC "EO.23"]
[Time "13:34:03"]
[TimeControl "4500+10"]

1. c4 e5 2. Nc3 Bc5 3. Nf3 d6 4. d4 exd4 5. Nxd4 Ne7 6. Bg5 O-O 7. g3 h6 8.
Bf4 Nbc6 9. Nxc6 Nxc6 10. Bg2 Bf5 11. O-O Re8 12. e4 Bg6 13. Re1 Qd7 14. h4
Rad8 15. a3 a6 16. Be3 Bxe3 17. Rxe3 Ne5 18. b3 Ng4 19. Bh3 Nxe3 20. Bxd7
Nxd1 21. Bxe8 Nxc3 22. Ba4 b5 23. cxb5 axb5 24. Bxb5 Nxb5 25. a4 Nd4 26. a5
Nxb3 27. Rb1 Nxa5 28. Ra1 Nb3 29. Ra7 c5 30. f3 Nd4 31. Kg2 Rc8 32. Ra6 Nb5
33. Rb6 Na3 34. Rxd6 c4 35. Ra6 Nb5 36. Rb6 Nd4 37. Rb4 Nc2 38. Rb2 Ne3+ 39.
Kg1 c3 40. Rb1 c2 41. Rc1 Nd1 42. Kf1 Rc3 43. Ke2 Re3+ 44. Kd2 Rxf3 45. Kxc2
Ne3+ 46. Kb3 Bxe4 47. Rc8+ Kh7 48. Kb4 Rxg3 49. Re8 Nc2+ 50. Kc5 Rc3+ 51.
Kd6 Bg6 52. Re5 Ne3 53. Ra5 Nc4+ {White resigns} 0-1

[Event "ICC tourney 2130 (75 10)"]
[Site "Internet Chess Club"]
[Date "2020.11.15"]
[Round "5"]
[White "collywog"]
[Black "MissCalculation"]
[Result "1-0"]
[ICCResult "Black checkmated"]
[WhiteElo "1082"]
[BlackElo "987"]
[Opening "Caro-Kann: anti-anti-Caro-Kann defense"]
[ECO "B10"]
[NIC "CK.01"]
[Time "13:35:01"]
[TimeControl "4500+10"]

1. e4 c6 2. c4 d5 3. cxd5 cxd5 4. Nc3 dxe4 5. Nxe4 Bf5 6. d3 Bxe4 7. dxe4
Qxd1+ 8. Kxd1 e6 9. g3 Nc6 10. Bg2 Rd8+ 11. Ke1 Nd4 12. Kf1 Bb4 13. Be3 Ne7
14. Rd1 Nec6 15. Ne2 e5 16. f4 f6 17. Kf2 O-O 18. Rd3 Nxe2 19. Rxd8 Rxd8 20.
Kxe2 Nd4+ 21. Kf2 Rc8 22. Rc1 Nc6 23. Bh3 Rd8 24. Be6+ Kh8 25. Bd5 Rd6 26.
Bxc6 bxc6 27. Bxa7 Rd2+ 28. Kf3 h5 29. fxe5 fxe5 30. Rxc6 Rxb2 31. Bb8 Be1
32. Bxe5 Rf2+ 33. Ke3 Kg8 34. Rc7 g5 35. Rg7+ Kf8 36. Rxg5 Rxh2 37. Rf5+ Ke8
38. Rf1 Bd2+ 39. Kf3 Rh3 40. Kg2 Rxg3+ 41. Kxg3 Ke7 42. Bf4 Ba5 43. Be5 Ke6
44. Bh8 Bc7+ 45. Rf4 Bxf4+ 46. Kxf4 Kd6 47. e5+ Kd5 48. Kg5 Ke6 49. Kxh5 Kf7
50. Bf6 Ke6 51. a4 Kd7 52. a5 Kc7 53. e6 Kb7 54. e7 Ka6 55. Bc3 Kb5 56.
e8=Q+ Kc4 57. Qc6+ Kd3 58. a6 Ke2 59. Qe4+ Kf2 60. Bd4+ Kg3 61. Qe5+ Kg2 62.
Qe3 Kh2 63. a7 Kg2 64. a8=Q+ Kh2 65. Be5# {Black checkmated} 1-0

[Event "ICC tourney 2130 (75 10)"]
[Site "Internet Chess Club"]
[Date "2020.11.15"]
[Round "6"]
[White "johnzabraham"]
[Black "tcquinlan"]
[Result "1-0"]
[ICCResult "Black resigns"]
[WhiteElo "1070"]
[BlackElo "1006"]
[Opening "Queen's gambit accepted"]
[ECO "D20"]
[NIC "QG.03"]
[Time "17:02:04"]
[TimeControl "4500+10"]

1. d4 d5 2. c4 dxc4 3. e3 a6 4. Bxc4 b5 5. Bxf7+ Kxf7 6. Qf3+ Ke8 7. Qxa8
Nd7 8. Nf3 Nb6 9. Qc6+ Bd7 10. Qe4 Nf6 11. Qd3 g6 12. Ne5 Bf5 13. Qb3 Qd5
14. Qxd5 Nbxd5 15. a3 e6 16. f3 g5 17. e4 Bxe4 18. fxe4 Nf4 19. Bxf4 gxf4
20. Nc3 c5 21. dxc5 Bxc5 22. Nd3 Bd4 23. Ne2 Be3 24. e5 Ne4 25. Nexf4 Bd2+
26. Ke2 Rg8 27. g3 h6 28. Nxe6 Ke7 29. Nd4 Ba5 30. Nc6+ {Black resigns} 1-0

[Event "ICC tourney 2130 (75 10)"]
[Site "Internet Chess Club"]
[Date "2020.11.15"]
[Round "6"]
[White "Ldon22"]
[Black "wanderingeigeas"]
[Result "0-1"]
[ICCResult "White checkmated"]
[WhiteElo "781"]
[BlackElo "1175"]
[Opening "French: exchange, Svenonius variation"]
[ECO "C01"]
[NIC "FR.01"]
[Time "17:02:06"]
[TimeControl "4500+10"]

1. e4 e6 2. d4 d5 3. exd5 exd5 4. Nc3 Nf6 5. Bg5 Be6 6. Nf3 h6 7. Bh4 Nbd7
8. Bb5 c6 9. Bd3 Qb6 10. Rb1 g5 11. Bg3 g4 12. Ne5 Qxd4 13. Nxd7 Nxd7 14.
O-O O-O-O 15. Bh4 Re8 16. Re1 Bd6 17. Be2 Qb6 18. Na4 Qc7 19. b3 Bxh2+ 20.
Kh1 g3 21. Qd3 gxf2 22. Bxf2 Reg8 23. Bd4 Be5 24. Bxa7 Rg6 25. Qe3 Rhg8 26.
Nb6+ Nxb6 27. Bxb6 Rxg2 28. Qxh6 Qxb6 29. Bf3 Qf2 30. Re2 Rg1+ 31. Rxg1
Qxg1# {White checkmated} 0-1

[Event "ICC tourney 2130 (75 10)"]
[Site "Internet Chess Club"]
[Date "2020.11.15"]
[Round "6"]
[White "jacktconnelly"]
[Black "collywog"]
[Result "1-0"]
[ICCResult "Black checkmated"]
[WhiteElo "1073"]
[BlackElo "1050"]
[Opening "French: exchange variation"]
[ECO "C01"]
[NIC "FR.01"]
[Time "17:02:06"]
[TimeControl "4500+10"]

1. e4 e6 2. d4 d5 3. exd5 exd5 4. Nf3 Nc6 5. c4 Bg4 6. cxd5 Qxd5 7. Be3
O-O-O 8. Nc3 Bb4 9. a3 Bxc3+ 10. bxc3 Bxf3 11. Qxf3 Qxf3 12. gxf3 Nf6 13.
Bc4 Rd7 14. Rg1 g6 15. Bb5 Nd5 16. Rc1 Re7 17. Kd2 Na5 18. Rb1 a6 19. Bd3 b5
20. Rge1 Rhe8 21. Be4 Nxe3 22. fxe3 Nc4+ 23. Kc1 Nxa3 24. Ra1 Nc4 25. Rxa6
Nd6 26. Bc6 Rxe3 27. Ra8# {Black checkmated} 1-0

[Event "ICC tourney 2130 (75 10)"]
[Site "Internet Chess Club"]
[Date "2020.11.15"]
[Round "6"]
[White "TemporaryOtter"]
[Black "Ashish0406"]
[Result "0-1"]
[ICCResult "White checkmated"]
[WhiteElo "796"]
[BlackElo "928"]
[Opening "Giuoco Piano"]
[ECO "C54"]
[NIC "IG.02"]
[Time "17:02:10"]
[TimeControl "4500+10"]

1. e4 e5 2. Nf3 Nc6 3. Bc4 Bc5 4. c3 Nf6 5. Qe2 d6 6. O-O Bg4 7. h3 Bh5 8.
b3 O-O 9. Re1 a6 10. b4 Ba7 11. Bb3 Bb6 12. d3 a5 13. a3 axb4 14. cxb4 Nd4
15. Qd1 Nxb3 16. Qxb3 Bxf3 17. g3 Qd7 18. Nd2 Bh5 19. g4 Bg6 20. Nf3 h5 21.
Nh2 hxg4 22. hxg4 Nxg4 23. Nxg4 Qxg4+ 24. Kf1 Qf3 25. Be3 Bxe3 26. Rxe3 Qh1+
27. Ke2 Qxa1 28. Rh3 Rxa3 29. Qd1 Ra2+ 30. Ke1 Qb2 31. Rh2 Ra1 32. Qxa1
Qxa1+ 33. Ke2 Ra8 34. Kf3 Qc1 35. Kg3 Qf4+ 36. Kg2 Ra2 37. Rh1 Qxf2+ 38. Kh3
Qg2+ 39. Kh4 Qxh1+ 40. Kg3 Qg2+ 41. Kh4 Ra1 42. d4 Rh1# {White checkmated}
0-1

[Event "ICC tourney 2130 (75 10)"]
[Site "Internet Chess Club"]
[Date "2020.11.15"]
[Round "6"]
[White "traycon"]
[Black "oxdidi"]
[Result "1/2-1/2"]
[ICCResult "Game drawn by mutual agreement"]
[WhiteElo "860"]
[BlackElo "1055"]
[Opening "English opening"]
[ECO "A16"]
[NIC "EO.64"]
[Time "17:03:55"]
[TimeControl "4500+10"]

1. c4 Nf6 2. Nc3 g6 3. g3 Bg7 4. Bg2 d6 5. d3 O-O 6. Nf3 Nbd7 7. O-O b6 8.
Nd2 Rb8 9. Qc2 Bb7 10. Nde4 c5 11. Nxf6+ Nxf6 12. Ne4 Nxe4 13. dxe4 Qd7 14.
Rb1 Rfe8 15. b3 e5 16. f4 exf4 17. Rxf4 Bd4+ 18. e3 Be5 19. Rf2 Bg7 20. Bb2
Bxb2 21. Rxb2 Re7 22. Rf4 Rbe8 23. g4 g5 24. Rf5 Bxe4 25. Rxg5+ Kf8 26. Qc3
f6 27. Qxf6+ Rf7 28. Qh6+ Rg7 29. Rf2+ Kg8 30. Rxg7+ Qxg7 31. Qxg7+ Kxg7 32.
Bh3 Bd3 33. Rf3 Bb1 34. a3 Ba2 35. b4 Bxc4 36. bxc5 dxc5 37. g5 Kg6 38. Rg3
Rd8 39. Bg2 Rd1+ 40. Kf2 Ra1 41. Be4+ Kg7 42. Rh3 Rxa3 43. Rxh7+ Kg8 44. g6
Ra2+ 45. Kg1 Ra1+ 46. Kg2 Bf1+ 47. Kf2 Bc4 48. g7 Rf1+ 49. Kg2 Rf7 50. Rh4
Rxg7+ 51. Kf2 Rf7+ 52. Kg3 Rg7+ 53. Kf2 Be6 54. Rh5 Bf7 55. Re5 Kf8 56. Bb7
Be8 57. Ba6 Rf7+ 58. Ke2 Re7 59. Rf5+ Rf7 60. Rd5 Rh7 61. e4 Rxh2+ 62. Ke3
Rh3+ 63. Kf4 Rh4+ 64. Ke5 Rh5+ 65. Kd6 Rh6+ 66. Kc7 Rc6+ 67. Kb8 b5 68. Kxa7
b4 69. Rd8 Re6 70. Rc8 Kf7 71. Rxc5 Rxe4 72. Bc4+ Ke7 73. Rc7+ Kd8 74. Bd5
Re5 75. Rc5 Bf7 76. Rc4 Rxd5 77. Rxb4 Rd7+ 78. Kb6 Kc8 79. Kc5 Rd5+ 80. Kc6
Rh5 81. Kd6 Rh6+ 82. Ke7 Bd5 83. Rd4 Ba2 84. Rd2 Bg8 85. Rd8+ Kc7 86. Rxg8
Rh7+ 87. Kf6 {Game drawn by mutual agreement} 1/2-1/2